 Dungeon Crawl Stone Soup version 0.19.5 (webtiles) character file.

280 Keye the Reanimator (level 6, -5/42 HPs)
             Began as a Demonspawn Necromancer on May 9, 2017.
             Splashed by a jelly's acid (8 damage)
             ... on level 5 of the Dungeon.
             The game lasted 00:11:01 (3087 turns).

Keye the Reanimator (Demonspawn Necromancer)        Turns: 3087, Time: 00:11:03

Health: -5/42      AC: -1    Str:  8    XL:     6   Next: 5%
Magic:  8/9        EV: 12    Int: 19    God:
Gold:   103        SH:  0    Dex: 13    Spells: 4 memorised, 0 levels left

rFire  + . .     SeeInvis .     u - +1 dagger (drain)
rCold  . . .     Gourm    .     a - +0 robe
rNeg   . . .     Faith    .     (no shield)
rPois  .         Spirit   .     (helmet restricted)
rElec  .         Reflect  .     (no cloak)
rCorr  .         Harm     .     (no gloves)
MR     .....                    (no boots)
Stlth  +++++.....               e - amulet of regeneration
                                j - ring of stealth
                                n - ring of protection from fire

@: corroded
A: antennae 1, rugged brown scales 1, nightstalker 2
a: no special abilities


You were on level 5 of the Dungeon.
You were near starving.

You visited 1 branch of the dungeon, and saw 5 of its levels.

You collected 103 gold pieces.

Inventory:

Hand Weapons
 l - a +0 whip
 m - a +0 dagger
 s - a cursed -3 hand axe
 u - a +1 dagger of draining (weapon)
Armour
 a - a +0 robe (worn)
 q - a +0 buckler
Jewellery
 e - an amulet of regeneration (around neck)
 i - an uncursed ring of flight
 j - a ring of stealth (right hand)
 n - a ring of protection from fire (left hand)
 y - an uncursed ring of poison resistance {unknown}
Scrolls
 f - 4 scrolls of magic mapping {unknown}
 h - 4 scrolls of identify {unknown}
 k - 2 scrolls of remove curse {unknown}
 p - a scroll of immolation {unknown}
 x - a scroll of blinking {unknown}
Potions
 d - a potion of magic {unknown}
 g - 3 potions of cure mutation {unknown}
 o - a potion of curing {unknown}
 r - 2 potions of flight {unknown}
 t - a potion of ambrosia {unknown}
 w - a potion of mutation {unknown}
 A - a potion of berserk rage {unknown}
Books
 b - a book of Necromancy

   Spells                             Type                      Level
   a - Pain                           Necromancy                   1
   b - Animate Skeleton               Necromancy                   1
   c - Vampiric Draining              Necromancy                   3
   d - Regeneration                   Charms/Necromancy            3
   e - Animate Dead                   Necromancy                   4
   f - Control Undead                 Necromancy                   4
Comestibles
 c - 3 bread rations
 z - a meat ration


   Skills:
 - Level 1.7 Dodging
 - Level 1.7 Stealth
 - Level 2.0 Spellcasting
 + Level 8.1 Necromancy


You couldn't memorise any spells.
You knew the following spells:

 Your Spells              Type           Power        Failure   Level  Hunger
a - Pain                  Necr           ####         1%          1    #......
b - Animate Skeleton      Necr           N/A          1%          1    #......
c - Regeneration          Chrm/Necr      ###.......   12%         3    ###....
d - Animate Dead          Necr           N/A          8%          4    #####..


Dungeon Overview and Level Annotations

Branches:
Dungeon (5/15)
 Temple: D:4-7

Altars:

Annotations:
D:4 QuCean's ghost, amateur HOCK


Innate Abilities, Weirdness & Mutations

You have a pair of small antennae on your head.
You are partially covered in rugged brown scales. (AC +1, +3% HP)
You are significantly more attuned to the shadows.


Message History

The jelly hits you.
You are splashed with acid!
The acid burns!
You hit the bullfrog skeleton but do no damage.
The bullfrog skeleton is almost destroyed.
The bullfrog skeleton hits you.
* * * LOW HITPOINT WARNING * * *
The jelly misses you.
You are too injured to fight recklessly!
You are too injured to fight recklessly!
Casting: Pain
Confirm with . or Enter, or press ? or * to list all spells.
Aiming: Pain
Press: ? - help, Shift-Dir - straight line, f - jelly
Aim: a jelly (chance to defeat MR: 89%)
The jelly writhes in agony!
The bullfrog skeleton hits you.
* * * LOW HITPOINT WARNING * * *
The bullfrog skeleton barely misses you.
The jelly hits you.
* * * LOW HITPOINT WARNING * * *
The acid corrodes you!
You are splashed with acid!
The acid burns!
You die...

#### ##..## ##......
#....## ##...[...
##.....# .........
##......## #........
#........## #ZJ......
##.........# #@>.....
#..........## #.......
##...........####......
#............#.........
#.....................#
##..........<..########
####.......####
#########


You could see a jelly and a bullfrog skeleton.

Vanquished Creatures
  An ice beast (D:5)
  Ijyb (D:2)
  7 adders
  2 dart slugs
  3 leopard geckos
  5 bats
  2 giant cockroaches
  4 goblins
  7 hobgoblins
  4 jackals (D:1)
  7 kobolds
  2 quokkas (D:4)
  5 frilled lizards
  4 rats
54 creatures vanquished.

Vanquished Creatures (collateral kills)
  A hound (D:4)
  An adder (D:2)
  A dart slug (D:2)
  A goblin (D:2)
  2 bats (D:1)
  A kobold (D:2)
7 creatures vanquished.

Grand Total: 61 creatures vanquished

Notes
Turn   | Place    | Note
-------+----------+-------------------------------------------
     0 | D:1      | Keye the Demonspawn Necromancer began the quest for the Orb.
     0 | D:1      | Reached XP level 1. HP: 13/13 MP: 3/3
     2 | D:1      | Learned a level 1 spell: Animate Skeleton
   442 | D:1      | Gained mutation: You are slightly more attuned to the shadows. [demonic ancestry]
   442 | D:1      | Reached XP level 2. HP: 19/19 MP: 1/5
   509 | D:1      | Reached skill level 5 in Necromancy
   756 | D:1      | Gained mutation: You are partially covered in rugged brown scales. (AC +1, +3% HP) [demonic ancestry]
   756 | D:1      | Reached XP level 3. HP: 19/24 MP: 3/6
  1617 | D:2      | Noticed Ijyb
  1624 | D:2      | Killed Ijyb
  1624 | D:2      | Reached skill level 6 in Necromancy
  1624 | D:2      | Gained mutation: You are significantly more attuned to the shadows. [demonic ancestry]
  1624 | D:2      | Reached XP level 4. HP: 28/30 MP: 0/7
  2240 | D:3      | Reached skill level 7 in Necromancy
  2240 | D:3      | Reached XP level 5. HP: 35/36 MP: 3/8
  2718 | D:4      | Noticed QuCean's ghost (amateur HOCK)
  2755 | D:4      | Noticed a phantom
  2921 | D:4      | Learned a level 3 spell: Regeneration
  2953 | D:5      | Entered Level 5 of the Dungeon
  2958 | D:5      | Noticed an ice beast
  2977 | D:5      | Killed an ice beast
  2977 | D:5      | Reached skill level 8 in Necromancy
  2977 | D:5      | Gained mutation: You have a pair of small antennae on your head. [demonic ancestry]
  2977 | D:5      | Reached XP level 6. HP: 29/42 MP: 1/9
  3055 | D:5      | Learned a level 4 spell: Animate Dead
  3087 | D:5      | Splashed by a jelly's acid

Skill      XL: |  1  2  3  4  5 |
---------------+----------------+-----
Necromancy     | 5 6 7 8 |  8.1
Dodging        | |  1.7
Stealth        | |  1.7
Spellcasting   | |  2.0

Action                   |  1- 3 |  4- 6 || total
-------------------------+-------+-------++-------
Melee: Unarmed           |    16 |       ||    16
       Whip              |    42 |       ||    42
       Dagger            |       |    61 ||    61
 Cast: Pain              |    52 |    61 ||   113
       Animate Skeleton  |    10 |     3 ||    13
 Stab: Sleeping          |       |     2 ||     2
  Eat: Chunk             |     3 |     4 ||     7
Armor: Robe              |    11 |    10 ||    21
Dodge: Dodged            |    47 |    45 ||    92
